 Dungeon Crawl Stone Soup version 0.32-a0-834-geaf45d8e21 (webtiles) character file.

Game seed: 14969895482396135272

1085 Maxmaps the Caller (level 8, 0/52 HPs)
             Began as an Octopode Monk on Mar 26, 2024.
             Was an Initiate of Gozag.
             Blown up by Pikel (19 damage)
             ... with a mindburst bolt
             ... on level 5 of the Dungeon.
             The game lasted 00:05:44 (4158 turns).

Maxmaps the Caller (Octopode Monk)                  Turns: 4158, Time: 00:05:45

Health: 0/52       AC:  1    Str: 11    XL:     8   Next: 30%
Magic:  14/14      EV: 13    Int: 20    God:    Gozag
Gold:   186        SH:  0    Dex: 14    Spells: 12/15 levels left

rFire   . .          .
                       - Unarmed
rCold   . . .        (no shield)
rNeg    . . .        (helmet restricted)
rPois   .            e - amulet of magic regeneration
rElec   .            h - +6 ring of intelligence
rCorr   +            n - ring of resist corrosion
SInv    .            (no ring)
Will    .....        (no ring)
Stlth   ++++         (no ring)
HPRegen 0.28/turn    (no ring)
MPRegen 0.54/turn    (no ring)
                     (no ring)

%: no passive effects
@: inugami summoned
A: almost no armour, amphibious, 8 rings, camouflage 1, gelatinous body 1,
(nimble swimmer 1), tentacles
a: Renounce Religion, Potion Petition, Call Merchant, Bribe Branch


You were on level 5 of the Dungeon.
You worshipped Gozag.
Gozag was aware of your devotion.
You visited 1 branch of the dungeon, and saw 5 of its levels.

You collected 186 gold pieces.

Inventory:

Armour
 b - an orb of light
Jewellery
 e - an amulet of magic regeneration (around mantle)
 h - a +6 ring of intelligence (left tentacle)
 n - a ring of resist corrosion (right tentacle)
Wands
 o - a wand of mindburst (6)
Scrolls
 d - 2 scrolls of revelation
 f - 2 scrolls of vulnerability
 g - 2 scrolls of identify
 k - 2 scrolls of torment {unknown}
 p - a scroll of enchant armour {unknown}
Potions
 a - 2 potions of ambrosia
 i - 2 potions of lignification {unknown}
 j - 2 potions of mutation {unknown}
 l - a potion of cancellation {unknown}
 m - a potion of haste {unknown}


   Skills:
 - Level 3.0 Fighting
 + Level 4.5 Dodging
 - Level 4.0 Stealth
 - Level 4.1 Unarmed Combat
 - Level 4.0 Spellcasting
 - Level 6.1 Summonings


You had 12 spell levels left.
You knew the following spells:

 Your Spells              Type           Power      Damage    Failure   Level
a - Call Canine Familiar  Summ           28%        N/A       3%          3

Your spell library contained the following spells:

 Spells                   Type           Power      Damage    Failure   Level
 Sigil of Binding         Hex            4%         N/A       36%         3
 Dimensional Bullseye     Hex/Tloc       2%         N/A       77%         4


Dungeon Overview and Level Annotations

Branches:
Dungeon (5/15)
 Temple: D:4-7

Altars:
Dithmenos
Gozag
Vehumet
Xom

Shops:
D:1 (!*?*

Annotations:
D:5 Pikel


Innate Abilities, Weirdness & Mutations

You cannot wear most types of armour.
You are amphibious.
You can wear up to eight rings at the same time.
Your skin changes colour to match your surroundings (Stealth+).
Your rubbery body absorbs attacks. (AC +1, EV +1)
((You are camouflaged when in or above water. (Stealth+)))
You have tentacles for arms and can constrict up to eight enemies at once.


Message History

You are too injured to fight recklessly!
Unknown command.
You tentacle-slap the jelly but do no damage.
Your tentacles burn!
The jelly is severely wounded.
You constrict the lemure. Your inugami hits the jelly!
The jelly dies!
You tentacle-slap the lemure but do no damage.
You squeeze the lemure, but do no damage.
The lemure is heavily wounded.
You constrict the lemure. The lemure misses you.
An orc comes into view. It is wielding a +0 falchion.
Pikel zaps a wand.
Your mind is blasted!
* * * LOW HITPOINT WARNING * * *
You feel much better.
You constrict the lemure.
A lemure comes into view.
The lemure hits you.
Your inugami hits the lemure but does no damage.
You tentacle-slap the lemure.
The lemure is almost dead.
You constrict the lemure!
You kill the lemure!
That felt strangely unrewarding.
Pikel hits your inugami with a +0 whip of flaming.
Pikel burns your inugami.
Your inugami hits Pikel but does no damage.
Unknown command.
Pikel misses you.
Your inugami barely misses Pikel.
You tentacle-slap Pikel but do no damage.
Your grab misses Pikel.
Pikel zaps a wand.
Your mind is blasted!
Your inugami hits Pikel but does no damage.
You tentacle-slap Pikel. You grab Pikel. You squeeze Pikel.
Pikel is lightly wounded.
You constrict Pikel. Pikel barely misses you.
Your inugami hits Pikel.
You tentacle-slap Pikel but do no damage.
Pikel is heavily wounded.
You constrict Pikel. The orc misses you.
Pikel zaps a wand.
Your mind is blasted!
You die...
Pikel says, "Another soul for the market."

######## ##
#......#############
...+?..................
#.......#############
#........?# #.###$###.#
#.....#.# #.@h$.# .
#...oK....#. .
#....#.5...#.#.# ..
.....#.....#.... 5..
###. ###.### ### .5. .
... . ... ... . . _.ยง


You could see Pikel (ally target), a lemure, an orc and a friendly inugami
(summoned, corroded).

Vanquished Creatures
  Grinder (D:3)
  Sigmund (D:3)
  An ogre (D:3)
  A centaur (D:5)
  3 lemures (D:5)
  A scorpion (D:5)
  A bombardier beetle (D:3)
  2 hounds
  Ijyb (D:3)
  3 iguanas
  A sleepcap (D:4)
  7 adders
  2 white imps (D:5)
  2 dart slugs
  4 orcs
  5 endoplasms
  5 giant cockroaches
  3 goblins
  8 hobgoblins
  3 jackals (D:5)
  2 quokkas
  4 ball pythons
  6 bats
  7 frilled lizards
  6 kobolds
  4 rats
84 creatures vanquished.

Vanquished Creatures (collateral kills)
  A phantom (D:4)
  A jelly (D:5)
  An orc wizard (D:4)
  An adder (D:4)
4 creatures vanquished.

Vanquished Creatures (others)
  A ribbon worm (D:3)
  A goblin (D:3)
2 creatures vanquished.

Grand Total: 90 creatures vanquished

Notes
Turn   | Place    | Note
-------+----------+-------------------------------------------
     0 | D:1      | Maxmaps the Octopode Monk began the quest for the Orb.
     0 | D:1      | Reached XP level 1. HP: 16/16 MP: 1/1
    30 | D:1      | Reached skill level 1 in Stealth
    48 | D:1      | Found Neillach's Magic Scroll Shop.
    73 | D:1      | Found Xerimn's General Store.
   140 | D:1      | Found Raceidoi's Distillery.
   151 | D:1      | Reached XP level 2. HP: 13/21 MP: 2/2
   198 | D:1      | Found Sonywem's Assorted Antiques.
   281 | D:1      | Found Qaroapp's Antique Weapon Shoppe.
   631 | D:2      | Reached XP level 3. HP: 22/26 MP: 3/3
   838 | D:2      | Reached XP level 4. HP: 30/31 MP: 4/4
   845 | D:2      | Found a faded altar of an unknown god.
  1370 | D:3      | Noticed Grinder
  1380 | D:3      | Killed Grinder
  1381 | D:3      | Reached XP level 5. HP: 19/36 MP: 5/10
  1381 | D:3      | Reached XP level 6. HP: 22/42 MP: 5/11
  1474 | D:3      | Found a shimmering altar of Xom.
  1503 | D:3      | Learned a level 3 spell: Call Canine Familiar
  1773 | D:3      | Noticed Ijyb
  1779 | D:3      | Killed Ijyb
  1780 | D:3      | Reached skill level 1 in Summonings
  1857 | D:3      | Reached skill level 2 in Summonings
  1947 | D:3      | Noticed Sigmund
  1960 | D:3      | Killed Sigmund
  1961 | D:3      | Reached skill level 4 in Summonings
  1961 | D:3      | Reached XP level 7. HP: 37/46 MP: 13/13
  2221 | D:3      | Found a radiant altar of Vehumet.
  2544 | D:4      | Reached skill level 5 in Summonings
  3255 | D:4      | Reached XP level 8. HP: 38/52 MP: 14/14
  3396 | D:5      | Entered Level 5 of the Dungeon
  3428 | D:5      | Reached skill level 6 in Summonings
  3858 | D:5      | Noticed Pikel
  3866 | D:5      | Found a shadowy altar of Dithmenos.
  4061 | D:5      | Found an opulent altar of Gozag.
  4088 | D:5      | Became a worshipper of Gozag Ym Sagoz the Greedy
  4158 | D:5      | Blown up by Pikel

Illustrated notes

Levels and vault maps discovered:
D:1:      lightli_arrival_noodles, layout_basic, serial_shops, shop,
          shop_statue, shop, shop, shop
D:2:      layout_loops_ring, hellmonk_ecumenical_altar_inner_sanctum
D:3:      layout_loops_corners, xom_confusion_cloud, vehumet_crystals,
          uniq_grinder, uniq_ijyb, uniq_sigmund
D:4:      layout_cave_pools
D:5:      layout_basic, grunt_gozag_breadcrumbs,
          grunt_dithmenos_smoke_and_mirrors, kb_lookout_dungeons_type,
          st_stairs_3, minivault_25, uniq_pikel, uniq_blork_the_orc,
          uniq_prince_ribbit1

Skill      XL: |  1  2  3  4  5  6  7  8 |
---------------+-------------------------+-----
Stealth        | 2 3 4 |  4.0
Unarmed Combat | 4 |  4.1
Spellcasting   | 3 4 |  4.0
Summonings     | 4 5 6 |  6.1
Dodging        | 4 |  4.5
Fighting       | |  3.0

Action                     |  1- 3 |  4- 6 |  7- 9 || total
---------------------------+-------+-------+-------++-------
  Melee: Unarmed           |    39 |    64 |   110 ||   213
         Tentacles         |    11 |    16 |    31 ||    58
         Constrict         |    13 |    16 |    26 ||    55
         Punch             |       |     3 |     8 ||    11
   Cast: Call Canine Famil |       |       |    10 ||    10
    Use: Scroll            |       |     8 |       ||     8
         Potion            |       |       |     2 ||     2
   Stab: Sleeping          |     7 |     5 |     4 ||    16
 Armour: Skin              |    16 |    35 |    78 ||   129
  Dodge: Dodged            |    18 |    41 |    67 ||   126

Table legend: (Time is in decaauts)
 A = Elapsed time spent in this place.
 B = Non-inter-level travel time spent in this place.
 C = Inter-level travel time spent in this place.
 D = Time resting spent in this place.
 E = Time spent auto-exploring this place.
 F = Levels seen in this place.
 G = Mean time per level.
                   A        B        C        D        E       F      G
               +--------+--------+--------+--------+--------+-----+--------+
         Total |   4139 |   4030 |    109 |    628 |   2733 |   5 |  827.8 |
       Dungeon |   4139 |   4030 |    109 |    628 |   2733 |   5 |  827.8 |
               +--------+--------+--------+--------+--------+-----+--------+

Top non-repeatable levels by time:
     D:3: 1244 daAuts
     D:4: 895 daAuts
     D:5: 757 daAuts
     D:2: 728 daAuts
     D:1: 512 daAuts
